 Dungeon Crawl Stone Soup version 0.29.1-13-g9f3cf754e1 (webtiles) character file.

Game seed: 7874511851359751572

14869 nightchill the Severer (level 11, -1/105 HPs)
             Began as a Minotaur Fighter on Jan 23, 2023.
             Was a High Priest of Fedhas.
             Slain by an orc warrior
             ... wielding a +0 mace
              (9 damage)
             ... on level 2 of the Orcish Mines on Jan 24, 2023.
             The game lasted 00:32:03 (10591 turns).

nightchill the Severer (Minotaur Fighter)          Turns: 10591, Time: 00:32:03

Health: -1/105     AC: 14    Str: 25    XL:     11   Next: 94%
Magic:  15/15      EV:  8    Int:  5    God:    Fedhas [*****.]
Gold:   972        SH:  0    Dex: 16    Spells: 10/10 levels left

rFire   . . .      SeeInvis .   J - +0 broad axe
rCold   + . .      Faith    .   (no shield)
rNeg    . . .      Spirit   .   S - +1 chain mail {rC+}
rPois   .          Reflect  .   H - +2 hat
rElec   .          Harm     .   (no cloak)
rCorr   .          Rampage  .   B - +1 pair of gloves
Will    +....                   (no boots)
Stlth   ..........              w - amulet of regeneration
HPRegen 1.07/turn               e - ring of willpower
MPRegen 0.14/turn               P - +6 ring of dexterity

@: no status effects
A: horns 2, retaliatory headbutt
a: Renounce Religion, Wall of Briars, Grow Ballistomycete, Overgrow, Grow Oklob


You were on level 2 of the Orcish Mines.
You worshipped Fedhas.
Fedhas was extremely pleased with you.
You visited 2 branches of the dungeon, and saw 12 of its levels.

You collected 972 gold pieces.

Inventory:

Hand Weapons
 a - a +0 war axe
 b - a +0 broad axe
 J - a +0 broad axe (weapon)
Missiles
 j - 4 curare-tipped darts (quivered)
Armour
 B - a +1 pair of gloves (worn)
 C - a +0 chain mail
 H - a +2 hat (worn)
 K - the +18 shield of the Gong {rElec rN+ Will+ EV-5}
   (You found it on level 7 of the Dungeon)

   It is deafeningly noisy when blocking attacks.
   EV:        It affects your evasion (-5).
   rElec:     It insulates you from electricity.
   rN:        It protects you from negative energy.
   Will:      It increases your willpower.
 S - a +1 chain mail of cold resistance (worn)
Jewellery
 e - a ring of willpower (left hand)
 f - a +4 ring of evasion
 w - an amulet of regeneration (around neck)
 G - a +6 ring of intelligence
 L - a +4 ring of protection
 M - a ring of ice
 O - a ring of resist corrosion
 P - a +6 ring of dexterity (right hand)
 R - a ring of ice
Wands
 d - a wand of flame (40)
 k - a wand of polymorph (9)
 y - a wand of iceblast (6)
 z - a wand of mindburst (26)
 I - a wand of quicksilver (3)
Scrolls
 i - 3 scrolls of poison
 l - 2 scrolls of immolation
 n - a scroll of enchant armour
 o - a scroll of magic mapping
 A - 3 scrolls of teleportation
 D - a scroll of vulnerability
 E - a scroll of torment
 N - a scroll of fear
Potions
 g - a potion of might
 m - a potion of lignification
 p - a potion of resistance
 q - 3 potions of haste
 r - 3 potions of flight
 s - 2 potions of attraction
 t - 2 potions of magic
 u - a potion of brilliance
 v - 4 potions of curing
 x - 4 potions of mutation
 Q - a potion of ambrosia {unknown}


   Skills:
 + Level 12.7 Fighting
 * Level 17.1 Axes
 - Level 3.6 Armour
 - Level 4.5 Shields
 + Level 7.5 Invocations


You had 10 spell levels left.
You didn't know any spells.
Your spell library contained the following spells:

 Spells                   Type           Power      Damage    Failure   Level
 Static Discharge         Conj/Air       0%         3-3/arc   99%         2
 Frozen Ramparts          Ice            0%         1d1       100%        3
 Mephitic Cloud           Conj/Pois/Air  0%         N/A       100%        3
 Hailstorm                Conj/Ice       0%         3d3       100%        4
 Passage of Golubria      Tloc           0%         N/A       100%        4
 Summon Lightning Spire   Summ/Air       0%         N/A       100%        4
 Simulacrum               Ice/Necr       0%         N/A       100%        6


Dungeon Overview and Level Annotations

Branches:
Dungeon (10/15)            Temple (0/1) D:7             Orc (2/2) D:10
    Elf (0/3) Orc:2
   Lair: D:8-11

Altars:
Fedhas
Sif Muna
Trog
Vehumet
Wu Jian

Shops:
D:2 ?!(!   D:7 !   D:10 [   Orc:1 [

Annotations:
D:2 1 runed translucent door, Crazy Yiuf
D:9 exclusion: downstairs
Orc:2 1 transporter, exclusions: downstairs and 6 more exclusions, nightchill's ghost, journeyman MiFi


Innate Abilities, Weirdness & Mutations

You have a pair of horns on your head.
You reflexively headbutt those who attack you in melee.


Message History

The troll closely misses you. The troll claws you. The troll claws you!
The orc priest calls down the wrath of Beogh upon you.
Beogh smites you!
* * * LOW HITPOINT WARNING * * *
The orc warrior hits you from afar with a +0 trident.
* * * LOW HITPOINT WARNING * * *
The gnoll hits you from afar with a +0 spear.
* * * LOW HITPOINT WARNING * * *
You climb downwards.
Level annotation: 1 transporter, exclusions: downstairs and 6 more exclusions, nightchill's ghost, journeyman MiFi
There is a stone staircase leading up here.
You slice the orc priest!!
You kill the orc priest!
Fedhas appreciates your contribution to the ecosystem.
You barely miss the troll. You closely miss the orc.
You closely miss the orc warrior. You slice the troll!!
You headbutt the troll, but do no damage.
The troll is severely wounded.
You barely miss the orc warrior. You slash the orc!
You kill the orc!
Fedhas appreciates your contribution to the ecosystem.
The troll bites you but does no damage. The troll claws you!
* * * LOW HITPOINT WARNING * * *
The troll claws you!
* * * LOW HITPOINT WARNING * * *
The orc warrior hits you with a +0 mace!
* * * LOW HITPOINT WARNING * * *
You hit the troll. You headbutt the troll!
You kill the troll!
Fedhas appreciates your contribution to the ecosystem.
You slash the orc warrior!
The orc warrior hits you with a +0 mace!
* * * LOW HITPOINT WARNING * * *
You slash the orc warrior!
You headbutt the orc warrior, but do no damage.
The orc warrior is almost dead.
The orc warrior hits you with a +0 mace!
You die...
Fedhas appreciates your contribution to the ecosystem.

##*,**#.........#..###
**,,,*##.............## ***
*,*,*,*##...#.#..)))..##**,#****
,,,*,,,*#########.#).#.##,..,*,**
,,***,,,** ####)...#...,,,,,
,**,**,,,** #.........,,,,,
**,,,**,,,** #*####.........,,,,,
*,,*,,**,,,**#.#)##...#.....,,,,,
,,***,,**,*,**#.@).#......##,,,,,
,*∩,**,,,,,,,*##.o..........,,,,,
,,,,∩**,*,,,,,*##...........,,,,,
,*∩,**,,,,,,,**#............,,,,,
,,***,,**,*,**#.............,,,,,
*,,*,,**,,,**#..............,,*,,
**,,,**,,,**#...............,,,,,
,**,**,,,**#................,,*,,
,,***,,,***.................,,*,,


You could see an orc warrior.

Vanquished Creatures
  Gastronok (D:10)
  Amaemon (D:10)
  A lindwurm (D:10)
  An orc knight (Orc:1)
  An orange demon (D:10)
  A gargoyle (D:10)
  2 kobold demonologists (D:10)
  A troll (Orc:2)
  A hornet (D:9)
  Grinder (D:3)
  Sigmund (D:4)
  A wyvern (D:8)
  A shadow (D:10)
  A wraith (D:9)
  15 yaks
  3 steam dragons
  4 vampire mosquitoes (D:9)
  Menkaure (D:6)
  4 wargs
  Edmund (D:4)
  An acid dragon (D:10)
  A water moccasin (D:4)
  18 orc warriors
  2 ice beasts
  A sky beast (D:7)
  A black bear (D:7)
  6 centaurs
  10 ogres
  A phantom (D:4)
  2 kobold brigands
  2 bullfrogs
  2 gnoll sergeants (D:8)
  A necrophage (D:6)
  2 scorpions
  9 wights
  3 howler monkeys
  A gnoll bouda (D:6)
  15 orc priests
  2 hounds
  2 jellies
  Ijyb (D:2)
  4 iguanas
  16 orc wizards
  16 gnolls
  6 adders
  2 shadow imps (D:5)
  2 white imps (D:7)
  2 ufetubi (D:6)
  3 worms
  12 dart slugs (D:3)
  63 orcs
  2 endoplasms (D:2)
  4 giant cockroaches
  10 goblins
  3 hobgoblins
  3 quokkas
  6 ball pythons
  5 bats
  A frilled lizard (D:3)
  21 kobolds
  3 rats
310 creatures vanquished.

Vanquished Creatures (others)
  3 plants
3 creatures vanquished.

Grand Total: 313 creatures vanquished

Notes
Turn   | Place    | Note
-------+----------+-------------------------------------------
     0 | D:1      | nightchill the Minotaur Fighter began the quest for the
                  | Orb.
     0 | D:1      | Reached XP level 1. HP: 19/19 MP: 0/0
   161 | D:1      | Reached skill level 3 in Axes
   202 | D:1      | Reached XP level 2. HP: 25/27 MP: 1/1
   700 | D:2      | Found Unlew's Magic Scroll Shop.
   734 | D:2      | Reached XP level 3. HP: 33/33 MP: 2/2
   828 | D:2      | Found Kafemeuv's Distillery.
   861 | D:2      | Found a runed translucent door.
   862 | D:2      | Noticed Crazy Yiuf
   972 | D:2      | Reached skill level 4 in Axes
  1071 | D:2      | Noticed Ijyb
  1086 | D:2      | Killed Ijyb
  1087 | D:2      | Reached XP level 4. HP: 10/41 MP: 3/3
  1342 | D:2      | Got the Excursus on Polar Putrescence
  1377 | D:2      | Found Faodaid's Weapon Boutique.
  1577 | D:2      | Found Vamujosi's Distillery.
  1839 | D:3      | Reached skill level 5 in Axes
  1852 | D:3      | Reached XP level 5. HP: 29/47 MP: 4/4
  1993 | D:3      | Reached skill level 5 in Fighting
  2048 | D:3      | Noticed Grinder
  2068 | D:3      | Paralysed by Grinder for 3 turns
  2083 | D:3      | Paralysed by Grinder for 5 turns
  2090 | D:3      | Killed Grinder
  2091 | D:3      | Reached skill level 6 in Axes
  2091 | D:3      | Reached XP level 6. HP: 30/57 MP: 5/5
  2601 | D:4      | Reached skill level 7 in Axes
  2627 | D:4      | Noticed Sigmund
  2633 | D:4      | Killed Sigmund
  2634 | D:4      | Reached XP level 7. HP: 64/64 MP: 6/6
  2656 | D:4      | Reached skill level 8 in Axes
  2699 | D:4      | Noticed Edmund
  2710 | D:4      | Killed Edmund
  2711 | D:4      | Reached skill level 9 in Axes
  2970 | D:4      | Reached XP level 8. HP: 61/73 MP: 7/7
  3497 | D:5      | Entered Level 5 of the Dungeon
  3572 | D:5      | Reached skill level 10 in Axes
  4061 | D:5      | Reached skill level 11 in Axes
  4168 | D:6      | Noticed Menkaure
  4175 | D:6      | Killed Menkaure
  4422 | D:6      | Reached XP level 9. HP: 79/82 MP: 8/8
  4562 | D:6      | Reached skill level 12 in Axes
  4576 | D:6      | Found a shimmering blue altar of Sif Muna.
  4576 | D:6      | Found a bloodstained altar of Trog.
  4576 | D:6      | Found a blossoming altar of Fedhas.
  4677 | D:6      | Became a worshipper of Fedhas Madash
  4821 | D:7      | Found the +18 shield of the Gong {rElec rN+ Will+ EV-5}
  4868 | D:7      | Reached skill level 1 in Invocations
  5070 | D:7      | Found a staircase to the Ecumenical Temple.
  5293 | D:7      | Reached skill level 13 in Axes
  5503 | D:7      | Found Laffer's Distillery.
  5706 | D:8      | Got the Compilation of the Excursion and Air
  5728 | D:8      | Reached * piety under Fedhas
  5729 | D:8      | Reached skill level 10 in Fighting
  5904 | D:8      | Identified the +3 robe of Instinct {Str+3 Dex+6}
  6276 | D:8      | Reached XP level 10. HP: 90/93 MP: 11/11
  6276 | D:8      | Found a radiant altar of Vehumet.
  6600 | D:9      | Reached skill level 14 in Axes
  6709 | D:9      | Reached ** piety under Fedhas
  7192 | D:9      | Found an ornate altar of the Wu Jian Council.
  7290 | D:10     | Entered Level 10 of the Dungeon
  7656 | D:10     | Found Xahele's Armour Boutique.
  7666 | D:10     | Reached skill level 5 in Invocations
  7678 | D:10     | Noticed Amaemon
  7683 | D:10     | Noticed an orange demon
  7690 | D:10     | Killed Amaemon
  7691 | D:10     | Reached skill level 15 in Axes
  7908 | D:10     | Killed an orange demon
  7927 | D:10     | Reached XP level 11. HP: 102/102 MP: 14/14
  8024 | D:10     | Found a staircase to the Orcish Mines.
  8167 | D:10     | Reached *** piety under Fedhas
  8732 | D:10     | Noticed Gastronok
  8762 | D:10     | Killed Gastronok
  8763 | D:10     | Reached skill level 16 in Axes
  8983 | Orc:1    | Entered Level 1 of the Orcish Mines
  8983 | Orc:1    | Found Anouf's Armour Shoppe.
  9050 | Orc:1    | Reached **** piety under Fedhas
  9174 | Orc:1    | Noticed an orc knight
  9220 | Orc:1    | Noticed a lindwurm
  9220 | Orc:1    | an orc knight changed into a lindwurm
  9227 | D:10     | Killed a lindwurm
  9482 | Orc:2    | Entered Level 2 of the Orcish Mines
  9482 | Orc:2    | Found a staircase to the Elven Halls.
  9755 | Orc:2    | Found a transporter.
  9755 | Orc:2    | Noticed nightchill's ghost (journeyman MiFi)
  9755 | Orc:2    | Noticed a two-headed ogre
  9756 | Orc:2    | Noticed a two-headed ogre
  9757 | Orc:2    | Noticed a two-headed ogre
  9760 | Orc:2    | Identified the +9 great mace of the Tiger {freeze, rF++
                  | rN+++ Stlth-}
  9760 | Orc:2    | Noticed an ettin
  9826 | Orc:2    | Found a shimmering blue altar of Sif Muna.
 10011 | Orc:2    | Noticed an orc knight
 10168 | Orc:2    | Reached ***** piety under Fedhas
 10279 | Orc:1    | Killed an orc knight
 10280 | Orc:1    | Reached skill level 17 in Axes
 10591 | Orc:2    | Slain by an orc warrior

Illustrated notes

Levels and vault maps discovered:
D:1:      scummos_arrival_star, layout_rooms, nicolae_grassy_gnolls
D:2:      kennysheep_the_goblin_king, layout_basic, serial_shops, shop, shop,
          shop, nicolae_shop_stone, minmay_misc_feat_iff,
          uniq_crazy_yiuf_cottage
D:3:      kennysheep_slugbush, layout_basic, uniq_grinder
D:4:      layout_basic, uniq_edmund, uniq_sigmund
D:5:      minmay_spotlight, layout_gridville
D:6:      layout_loops_ring, gammafunk_temple_overflow_forgotten, uniq_menkaure
D:7:      layout_loops_ring, minmay_temple_entry_trees, serial_shops, shop,
          kennysheep_windowed_goal
D:8:      layout_loops_cross, vehumet_altar_wand_db
D:9:      layout_loops_cross, nzn_wu_jian_council_hall
D:10:     layout_long_grid, david_orc_5, grunt_ministairs_9,
          kennysheep_small_square, uniq_amaemon, uniq_gastronok
Orc:1:    layout_caves, serial_shops, shop
Orc:2:    pf_orc_diabolical, layout_caves, gammafunk_ghost_smash,
          kennysheep_orc_sif_temple

Skill      XL: |  1  2  3  4  5  6  7  8  9 10 11 |
---------------+----------------------------------+-----
Axes           | 3 4 5 6 7 9 11 13 15 17 | 17.1
Fighting       | 4 5 6 7 8 10 11 12 | 12.7
Invocations    | 3 5 7 |  7.5
Shields        | 4 |  4.5
Armour         | |  3.6

Action                   |  1- 3 |  4- 6 |  7- 9 | 10-12 || total
-------------------------+-------+-------+-------+-------++-------
Melee: War axe           |    58 |    76 |   180 |       ||   314
       Headbutt          |     9 |    10 |    52 |    87 ||   158
       Broad axe         |       |       |    90 |   383 ||   473
       Punch             |       |       |       |     5 ||     5
Evoke: Wand              |       |     1 |     2 |     2 ||     5
  Use: Potion            |     1 |       |       |     4 ||     5
       Scroll            |       |       |    11 |    12 ||    23
Armor: Scale mail        |    12 |       |       |       ||    12
       Ring mail         |     5 |    27 |    15 |       ||    47
       Chain mail        |       |       |    64 |   127 ||   191
Dodge: Dodged            |    28 |    53 |   117 |   136 ||   334
Block: Buckler           |    16 |    10 |    56 |    47 ||   129
       Kite shield       |       |       |    33 |    84 ||   117
